 Dungeon Crawl Stone Soup version 0.29.1-12-g30fa7ad0bf (webtiles) character file.

Game seed: 4364186800333713800

1031 kingofthe the Ducker (level 8, -2/56 HPs)
             Began as a Merfolk Summoner on Jan 14, 2023.
             Succumbed to an orc warrior's curare-tipped dart
             ... on level 6 of the Dungeon.
             The game lasted 00:25:06 (9164 turns).

kingofthe the Ducker (Merfolk Summoner)             Turns: 9164, Time: 00:25:07

Health: -2/56      AC:  5    Str: 15    XL:     8   Next: 23%
Magic:  14/14      EV: 15    Int: 14    God:
Gold:   253        SH:  0    Dex: 16    Spells: 8/16 levels left

rFire   . . .      SeeInvis +   b - +0 spear
rCold   . . .      Faith    .   (no shield)
rNeg    . . .      Spirit   .   d - +0 robe
rPois   .          Reflect  .   t - +0 helmet
rElec   .          Harm     .   (no cloak)
rCorr   .          Rampage  .   (no gloves)
Will    .....                   c - +1 pair of boots
Stlth   ++........              (no amulet)
HPRegen 0.18/turn               F - +6 ring of strength
MPRegen 0.14/turn               x - ring of see invisible

@: lethally poisoned (-2 -> -38), slowed, very slow
A: (nimble swimmer 2), mertail
a: no special abilities


You were on level 6 of the Dungeon.
You visited 1 branch of the dungeon, and saw 6 of its levels.

You collected 253 gold pieces.

Inventory:

Hand Weapons
 a - a +3 falchion
 b - a +0 spear (weapon)
 C - a +0 dagger
 I - a +0 halberd
Missiles
 k - 70 stones
 G - a throwing net
Armour
 c - a +1 pair of boots (worn)
 d - a +0 robe (worn)
 t - a +0 helmet (worn)
Magical Staves
 H - a staff of air
Jewellery
 n - a ring of flight
 x - a ring of see invisible (right hand)
 F - a +6 ring of strength (left hand)
Wands
 u - a wand of roots (9)
 J - a wand of light (7)
Scrolls
 e - a scroll of brand weapon {unknown}
 f - a scroll of acquirement {unknown}
 h - a scroll of immolation {unknown}
 j - 2 scrolls of amnesia {unknown}
 o - a scroll of butterflies {unknown}
 p - a scroll of fear {unknown}
 q - a scroll of noise
 r - 3 scrolls of identify {unknown}
 s - 2 scrolls of teleportation {unknown}
 v - 2 scrolls of enchant weapon {unknown}
 y - 2 scrolls of vulnerability {unknown}
 E - a scroll of magic mapping {unknown}
Potions
 g - 3 potions of curing
 i - 3 potions of magic
 l - 2 potions of haste
 m - 3 potions of ambrosia
 w - a potion of degeneration {unknown}
 z - a potion of flight {unknown}
 A - 2 potions of heal wounds
 B - 2 potions of brilliance {unknown}
 D - a potion of cancellation {unknown}


   Skills:
 - Level 2.0 Fighting
 - Level 7.0 Dodging
 - Level 3.0 Stealth
 + Level 4.5 Spellcasting
 + Level 6.3 Summonings
 + Level 2.2 Air Magic


You had 8 spell levels left.
You knew the following spells:

 Your Spells              Type           Power      Damage    Failure   Level
a - Summon Small Mammal   Summ           80%        N/A       1%          1
g - Apportation           Tloc           6%         N/A       19%         1
s - Swiftness             Air            9%         N/A       22%         3
z - Call Canine Familiar  Summ           20%        N/A       4%          3

Your spell library contained the following spells:

 Spells                   Type           Power      Damage    Failure   Level
 Call Imp                 Summ           20%        N/A       1%          2
 Summon Guardian Golem    Hex/Summ       12%        N/A       16%         3
 Necrotise                Necr           12%        1d4       19%         1
 Ensorcelled Hibernation  Hex/Ice        6%         N/A       28%         2
 Passwall                 Tmut/Erth      2%         N/A       28%         2
 Summon Lightning Spire   Summ/Air       15%        N/A       30%         4
 Confusing Touch          Hex            3%         N/A       50%         3
 Inner Flame              Hex/Fire       3%         N/A       50%         3
 Cause Fear               Hex            1%         N/A       88%         4
 Yara's Violent Unravell  Hex/Tmut       1%         3d3       99%         5
 Enfeeble                 Hex            1%         N/A       100%        7
 Discord                  Hex            1%         N/A       100%        8


Dungeon Overview and Level Annotations

Branches:
Dungeon (6/15)
 Temple: D:4-7

Altars:

Annotations:
D:2 1 runed translucent door, exclusion: door, Crazy Yiuf


Innate Abilities, Weirdness & Mutations

((You are very nimble when in or above water. (Stealth+, EV+, Speed+++)))
Your lower body shifts to a powerful aquatic tail in water.


Message History

Your hound dies!
Your hound's corpse disappears in a puff of smoke!
You feel very sick.
The orc warrior hits your rat with a +0 short sword.
Your rat dies!
Your rat's corpse disappears in a puff of smoke!
The orc warrior throws a curare-tipped dart.
The curare-tipped dart closely misses you.
You feel sick.
The orc warrior throws a curare-tipped dart.
The curare-tipped dart closely misses you.
You feel sick.
You feel sick.
You feel sick.
You are no longer poisoned.
The orc warrior throws a curare-tipped dart.
The curare-tipped dart hits you.
You are poisoned.
You have difficulty breathing.
You feel as though you will be slow longer.
The orc curses loudly, in orcish tradition.
You feel very sick.
You feel sick.
Things that are here:
a +0 dagger; 4 poisoned darts; an orc corpse You feel sick.
You feel sick.
The orc warrior throws a curare-tipped dart.
The curare-tipped dart hits you.
You are more poisoned.
You have difficulty breathing.
* * * LOW HITPOINT WARNING * * *
You feel as though you will be slow longer.
The orc warrior throws a curare-tipped dart.
The curare-tipped dart hits you.
You are lethally poisoned!
You have difficulty breathing.
* * * LOW HITPOINT WARNING * * *
You feel as though you will be slow longer.
You die...

#############
##.....#.....##
##.............##
#...............#
#...............# #
######...)...........#
####............@.......#
##......................#
.....#####...).........##
####.......o....#...>.##
#######oo###########
##.## #..# ##.# #o##


You could see an orc warrior and 2 orcs.

Vanquished Creatures
  An ice beast (D:5)
  3 scorpions
  A howler monkey (D:4)
  2 hounds
  5 iguanas
  An orc priest (D:3)
  2 orc wizards (D:5)
  4 adders
  2 gnolls (D:5)
  3 ufetubi
  2 dart slugs
  5 orcs
  7 endoplasms
  2 giant cockroaches
  4 hobgoblins
  5 jackals
  6 kobolds
  3 quokkas
  7 ball pythons
  3 bats
  2 frilled lizards (D:1)
  5 goblins
  4 rats
79 creatures vanquished.

Vanquished Creatures (collateral kills)
  A phantom (D:5)
  A howler monkey (D:4)
  A hound (D:4)
  An orc priest (D:5)
  A gnoll bouda (D:5)
  2 iguanas
  2 adders
  A gnoll (D:5)
  A worm (D:3)
  5 orcs
  3 endoplasms
  2 giant cockroaches
  A goblin (D:2)
  2 jackals (D:5)
  A frilled lizard (D:2)
  3 kobolds
  2 rats
30 creatures vanquished.

Vanquished Creatures (others)
  2 demonic plants (D:3)
  A fungus (D:2)
  11 plants (D:4)
14 creatures vanquished.

Grand Total: 123 creatures vanquished

Notes
Turn   | Place    | Note
-------+----------+-------------------------------------------
     0 | D:1      | kingofthe the Merfolk Summoner began the quest for the Orb.
     0 | D:1      | Reached XP level 1. HP: 13/13 MP: 3/3
   247 | D:1      | Reached skill level 3 in Dodging
   331 | D:1      | Reached XP level 2. HP: 19/19 MP: 5/5
  1551 | D:2      | Reached XP level 3. HP: 9/24 MP: 4/6
  2658 | D:2      | Found a runed translucent door.
  2659 | D:2      | Noticed Crazy Yiuf
  2742 | D:3      | Reached skill level 4 in Dodging
  2766 | D:3      | Reached XP level 4. HP: 18/30 MP: 5/7
  3079 | D:3      | Learned a level 3 spell: Call Canine Familiar
  3435 | D:3      | Found a faded altar of an unknown god.
  3435 | D:3      | Noticed a Brimstone Fiend
  4315 | D:4      | Noticed a scorpion
  4358 | D:3      | HP: 1/30 [scorpion (3)]
  4362 | D:3      | Killed a scorpion
  4363 | D:3      | Reached XP level 5. HP: 2/35 MP: 2/9
  4705 | D:4      | Reached skill level 5 in Summonings
  4789 | D:4      | Reached skill level 5 in Dodging
  5105 | D:4      | Reached XP level 6. HP: 40/42 MP: 10/10
  5155 | D:4      | Reached skill level 1 in Fighting
  5640 | D:3      | HP: 1/43 [orc priest/divine providence (10)]
  6737 | D:5      | Entered Level 5 of the Dungeon
  6808 | D:5      | Learned a level 3 spell: Swiftness
  7009 | D:5      | Reached XP level 7. HP: 50/50 MP: 8/12
  7278 | D:5      | Reached skill level 6 in Dodging
  7278 | D:5      | Reached skill level 1 in Air Magic
  7804 | D:5      | Learned a level 1 spell: Apportation
  7831 | D:5      | Reached XP level 8. HP: 36/56 MP: 7/14
  9011 | D:6      | Reached skill level 7 in Dodging
  9164 | D:6      | Succumbed to an orc warrior's curare-tipped dart

Illustrated notes

Levels and vault maps discovered:
D:1:      wander_arrival_desolate, layout_loops_ring, bh_walls_and_bars
D:2:      layout_rooms, amcnicky_mini_corridor_feature, minmay_pentomino_r4,
          uniq_crazy_yiuf_cottage
D:3:      layout_loops_corners, dreamdust_ecumenical_altar_sealed_demon,
          kennysheep_generic_room_15
D:4:      layout_layer_cave, serial_forest, infiniplex_forest_lined_2,
          infiniplex_forest_end_3, infiniplex_forest_clump_diagonal,
          infiniplex_forest_straight_2, infiniplex_forest_straight_3,
          infiniplex_forest_clump_curved, infiniplex_forest_clump_diagonal,
          infiniplex_forest_straight_5, infiniplex_forest_clump_medium,
          minmay_fractal_squares_diagonal_5
D:5:      layout_basic
D:6:      nicolae_cairo_tiling, layout_rooms, uniq_blork_the_orc

Skill      XL: |  1  2  3  4  5  6  7  8 |
---------------+-------------------------+-----
Dodging        | 3 4 5 6 7 |  7.0
Stealth        | 3 |  3.0
Summonings     | 5 6 |  6.3
Spellcasting   | 3 4 |  4.5
Fighting       | 2 |  2.0
Air Magic      | 1 2 |  2.2

Action                   |  1- 3 |  4- 6 |  7- 9 || total
-------------------------+-------+-------+-------++-------
Melee: Unarmed           |    18 |       |       ||    18
       Dagger            |   177 |   178 |       ||   355
       Punch             |     1 |     4 |     1 ||     6
       Falchion          |       |    28 |    99 ||   127
 Cast: Summon Small Mamm |    16 |     5 |     4 ||    25
       Call Canine Famil |       |    14 |    12 ||    26
  Use: Potion            |       |     3 |     1 ||     4
       Scroll            |       |     1 |       ||     1
 Stab: Sleeping          |     6 |     9 |     2 ||    17
       Distracted        |       |       |     1 ||     1
Armor: Robe              |    48 |    77 |    24 ||   149
Dodge: Dodged            |   133 |   161 |   115 ||   409
